 Dungeon Crawl Stone Soup version bcrawl-1.40.3b (webtiles) character file.

Game seed: 10995237486176071980

289892 HammerPanzer the Cleaver (level 9, -1/75 HPs)
             Began as a Minotaur Berserker on Feb 18, 2024.
             Was a High Priest of Trog.
             Slain by a centaur warrior
             ... wielding a cursed -2 falchion
              (10 damage)
             ... on level 7 of the Dungeon.
             The game lasted 00:22:40 (6406 turns).

HammerPanzer the Cleaver (Minotaur Berserker)       Turns: 6406, Time: 00:22:41

Health: -1/75      AC: 11    Str: 29    XL:     9   Next: 47%
Magic:  8/8        EV:  7    Int:  8    God:    Trog [*****.]
Gold:   266        SH:  3    Dex: 10    Spells: 8/8 levels left

rFire    . . .     GDR:     24% k - +0 war axe
rCold    . . .     SeeInvis .   B - +0 buckler of Pragmatism {MR+ Int+3} (curse)
rNeg     . . .     Gourm    .   p - +0 chain mail
rPois    +         Faith    .   (helmet restricted)
rElec    +         Spirit   .   m - +0 cloak
rCorr    .         Reflect  .   u - +0 pair of gloves
MR       +....                  (no boots)
Stlth    ..........             (no amulet)
HPRegen  0.22/turn              v - ring of insulation
MPRegen  0.11/turn              n - ring of poison resistance

@: mighty, berserk cooldown, slowed, very slow
A: retaliatory headbutt, horns 2
a: Berserk, Trog's Hand, Brothers in Arms, Renounce Religion


You were on level 7 of the Dungeon.
You worshipped Trog.
Trog was extremely pleased with you.
You were not hungry.

You visited 1 branch of the dungeon, and saw 7 of its levels.

You collected 510 gold pieces.
You spent 244 gold pieces at shops.

Inventory:

Hand Weapons
 k - a +0 war axe (weapon)
Missiles
 g - 1017 arrows (quivered)
 q - a throwing net {=f}
 w - 127 poisoned tomahawks
Armour
 m - a +0 cloak (worn)
 p - a +0 chain mail (worn)
 t - a +0 scale mail of poison resistance
 u - a +0 pair of gloves (worn)
 y - a +0 scale mail of cold resistance
 B - the cursed +0 buckler of Pragmatism (worn) {MR+ Int+3}
   (You bought it in a shop on level 5 of the Dungeon)

   It affects your intelligence (+3).
   It affects your resistance to hostile enchantments.
   It has a curse placed upon it.
Jewellery
 c - an uncursed ring of resist corrosion
 n - a ring of poison resistance (right hand)
 v - a ring of insulation (left hand)
Wands
 i - a wand of acid (6)
 r - a wand of disintegration (11)
 x - a wand of polymorph (8)
 D - a wand of flame (16)
Scrolls
 o - 5 scrolls of remove curse
Potions
 a - 2 potions of agility
 b - 3 potions of lignification
 d - 3 potions of curing
 f - a potion of brilliance {unknown}
 h - 2 potions of invisibility
 j - a potion of might
 l - 2 potions of degeneration {unknown}
 s - 2 potions of haste {unknown}
 z - a potion of flight {unknown}
 A - 2 potions of cancellation {unknown}
Comestibles
 e - 9 rations {!d}


   Skills:
 + Level 5.9 Fighting
 * Level 14.5 Axes
 - Level 2.4 Armour
 - Level 2.1 Dodging
 + Level 1.0 Stealth
 + Level 0.2 Shields


You had 8 spell levels left.
You didn't know any spells.
Your spell library contained the following spells:

 Spells                   Type           Power        Failure   Level  Hunger
 Throw Frost              Conj/Ice       #.....       98%         2    ####...
 Corona                   Hex            #......      100%        1    None
 Freeze                   Ice            #.....       100%        1    None
 Ensorcelled Hibernation  Hex/Ice        #.....       100%        2    ####...
 Summon Ice Beast         Ice/Summ       #.......     100%        4    ######.
 Throw Icicle             Conj/Ice       #.......     100%        4    ######.
 Darkness                 Hex            #.........   100%        6    #######


Dungeon Overview and Level Annotations

Branches:
Dungeon (7/12)             Temple (0/1) D:5
   Lair: D:7-9

Altars:
Elyvilon
Kikubaaqudgha
Nemelex Xobeh
Okawaru

Shops:
D:5 [


Innate Abilities, Weirdness & Mutations

You reflexively headbutt those who attack you in melee.
You have a pair of horns on your head.


Message History

You block the centaur warrior's attack.
A centaur warrior is nearby!
You feel very mighty all of a sudden.
The centaur warrior hits you with a cursed -2 falchion.
* * * LOW HITPOINT WARNING * * *
You block the centaur warrior's attack.
The centaur warrior hits you but does no damage.
You see here a flail.
You closely miss the centaur warrior. You headbutt the centaur warrior!
The centaur warrior is moderately wounded.
The centaur warrior hits you but does no damage.
You slash the centaur warrior!
Your headbutt misses the centaur warrior.
The centaur warrior is heavily wounded.
The centaur warrior hits you with a cursed -2 falchion.
* * * LOW HITPOINT WARNING * * *
You slash the centaur warrior!
The centaur warrior is severely wounded.
The centaur warrior hits you with a cursed -2 falchion!
You die...

..♣.....###############.......#
##.####..........#.....c......###
.#.#.###.........#.####.........#
##.##.###........#.####.###.#...#
##.###..................# #.#..[#
#...##........##........# #.# ..#
.....#........##........# #.# .#
.......####...##c.......# #.# .#
....'..)).......@..####.# #.#
....#######...###### #.# #.#
...## #...# ##.###.# .#.# #...#
#..(.c.# .#.# #...########..#####
##.# #.........##..# .#.#
#.........##..# ...###
###.......##..######### .#.#.#
##########..........#


You could see a centaur warrior.

Vanquished Creatures
  A freezing wraith (D:7)
  A hippogriff (D:7)
  Sigmund (D:3)
  An orc warrior (D:5)
  3 ice beasts (D:5)
  2 sky beasts
  A phantom (D:5)
  2 ogres
  3 bullfrogs
  Blork the orc (D:6)
  A centaur (D:5)
  3 scorpions
  3 howler monkeys
  5 crimson imps
  A hound (D:3)
  9 orc wizards
  An iguana (D:5)
  Ijyb (D:5)
  3 worker ants
  2 howler monkey skeletons
  6 gnolls
  6 adders
  3 oozes
  An adder zombie (D:6)
  7 worms (D:2)
  3 dart slugs
  4 leopard geckos
  13 orcs
  3 ball pythons
  2 bat zombies (D:2)
  2 giant cockroaches
  10 goblins
  9 hobgoblins
  13 jackals
  4 quokkas
  4 bats
  5 frilled lizards
  A jackal zombie (D:5)
  12 kobolds
  6 rats
  2 rat zombies (D:2)
161 creatures vanquished.

Vanquished Creatures (others)
  A quokka (D:5)
1 creature vanquished.

Grand Total: 162 creatures vanquished

Notes
Turn   | Place    | Note
-------+----------+-------------------------------------------
     0 | D:1      | HammerPanzer the Minotaur Berserker began the quest for the
                  | Orb.
     0 | D:1      | Reached XP level 1. HP: 19/19 MP: 0/0
    98 | D:1      | Reached skill level 4 in Axes
   199 | D:1      | Reached XP level 2. HP: 22/26 MP: 1/1
   550 | D:1      | Got a vibrating platinum amulet
   631 | D:1      | Reached skill level 5 in Axes
   752 | D:1      | Reached XP level 3. HP: 31/31 MP: 2/2
   919 | D:1      | Reached ** piety under Trog
  1383 | D:2      | Reached XP level 4. HP: 38/39 MP: 3/3
  1390 | D:2      | Reached skill level 6 in Axes
  1701 | D:2      | Found a sparkling altar of Nemelex Xobeh.
  1784 | D:2      | Reached *** piety under Trog
  1802 | D:2      | Found an ancient bone altar of Kikubaaqudgha.
  1990 | D:2      | Found a faded altar of an unknown god.
  2092 | D:2      | Found an iron altar of Okawaru.
  2310 | D:2      | Identified the cursed amulet of Qeisanaw {Inacc Dex+4} (You
                  | found it on level 1 of the Dungeon)
  2381 | D:3      | Reached XP level 5. HP: 42/45 MP: 4/4
  2456 | D:3      | Reached skill level 7 in Axes
  2751 | D:3      | Noticed Sigmund
  2769 | D:3      | Killed Sigmund
  2770 | D:3      | Reached skill level 8 in Axes
  2770 | D:3      | Reached XP level 6. HP: 42/51 MP: 5/5
  2978 | D:3      | Reached **** piety under Trog
  3041 | D:3      | Reached skill level 9 in Axes
  3463 | D:4      | Noticed a sky beast
  3478 | D:4      | Killed a sky beast
  3479 | D:4      | Reached XP level 7. HP: 58/58 MP: 6/6
  3796 | D:4      | Reached skill level 10 in Axes
  4207 | D:5      | Entered Level 5 of the Dungeon
  4244 | D:5      | Found a white marble altar of Elyvilon.
  4258 | D:5      | Reached skill level 11 in Axes
  4270 | D:5      | Reached XP level 8. HP: 56/66 MP: 7/7
  4445 | D:5      | Reached skill level 12 in Axes
  4598 | D:5      | Noticed Ijyb
  4620 | D:5      | Killed Ijyb
  4710 | D:5      | Identified the Grimoire of Ensnaring Ice
  4718 | D:5      | Found a staircase to the Ecumenical Temple.
  4754 | D:5      | Reached skill level 5 in Fighting
  4858 | D:5      | Found Ysuruti's Armour Shop.
  4866 | D:5      | Bought the cursed +0 buckler of Pragmatism {MR+ Int+3} for
                  | 244 gold pieces
  5143 | D:5      | Reached skill level 13 in Axes
  5435 | D:6      | Noticed Blork the orc
  5455 | D:6      | Killed Blork the orc
  5456 | D:6      | Reached XP level 9. HP: 74/74 MP: 8/8
  6038 | D:7      | Noticed a centaur warrior
  6048 | D:7      | Noticed a centaur warrior
  6138 | D:7      | Noticed a freezing wraith
  6189 | D:7      | Reached ***** piety under Trog
  6190 | D:7      | Reached skill level 14 in Axes
  6370 | D:7      | Killed a freezing wraith
  6371 | D:7      | Reached skill level 1 in Stealth
  6406 | D:7      | Slain by a centaur warrior

Skill      XL: |  1  2  3  4  5  6  7  8  9 |
---------------+----------------------------+-----
Axes           | 4 5 6 8 9 11 13 14 | 14.5
Fighting       | 4 5 |  5.9
Stealth        | 1 |  1.0
Armour         | |  2.4
Dodging        | |  2.1
Shields        | |  0.2

Action                   |  1- 3 |  4- 6 |  7- 9 || total
-------------------------+-------+-------+-------++-------
Melee: Hand axe          |   103 |    44 |       ||   147
       Headbutt          |    18 |    16 |    25 ||    59
       War axe           |       |   108 |   223 ||   331
Invok: Berserk           |       |     4 |     6 ||    10
  Use: Scroll            |       |     5 |     7 ||    12
       Potion            |       |       |     1 ||     1
  Eat: Chunk             |     4 |    13 |    22 ||    39
Armor: Animal skin       |     8 |       |       ||     8
       Leather armour    |     2 |       |       ||     2
       Ring mail         |    17 |     4 |       ||    21
       Chain mail        |       |    64 |    88 ||   152
Dodge: Dodged            |    42 |    64 |    65 ||   171
Block: Buckler           |       |       |     8 ||     8
